 Dungeon Crawl Stone Soup version 0.19.1-1-g22dce08 (webtiles) character file.

22873 galech the Grappler (level 12, -38/117 HPs)
             Began as a Troll Fighter on Jan 17, 2017.
             Killed from afar by a fire giant (55 damage)
             ... with a fireball
             ... on level 12 of the Dungeon.
             The game lasted 00:35:59 (12626 turns).

galech the Grappler (Troll Fighter)                Turns: 12626, Time: 00:36:00

Health: -38/117    AC: 16    Str: 25 (27) XL:     12   Next: 66%
Magic:  11/11      EV: 13    Int:  4      God:
Gold:   762        SH: 17    Dex: 12 (13) Spells: 0 memorised, 11 levels left

rFire  . . .     SeeInvis .       - Unarmed
rCold  . . .     Gourm    +     Q - +2 troll leather armour
rNeg   . . .     Faith    .     b - +0 shield
rPois  .         Spirit   .     (helmet restricted)
rElec  .         Reflect  +     m - +0 cloak
rCorr  .         Harm     .     (gloves unavailable)
MR     .....     Rnd*Tele +     (boots unavailable)
Stlth  ++........               o - +5 amulet of reflection
                                t - +3 ring of protection
                                h - +3 ring of protection

@: no status effects
A: unfitting armour, claws 3, fangs 1, deterioration 2, fast metabolism 3,
gourmand, regeneration 1, robust 1, shaggy fur 1, teleportitis 1, tough skin 2,
sturdy frame 1
a: no special abilities


You were on level 12 of the Dungeon.
You were very full.

You visited 2 branches of the dungeon, and saw 14 of its levels.
You also visited: Sewer and Ossuary.

You collected 762 gold pieces.

Inventory:

Armour
 b - a +0 shield (worn)
 m - a +0 cloak (worn)
 Q - a +2 troll leather armour (worn)
Jewellery
 g - an uncursed amulet of guardian spirit
 h - a +3 ring of protection (left claw)
 o - a +5 amulet of reflection (around neck)
 s - an uncursed ring of wizardry {unknown}
 t - a +3 ring of protection (right claw)
 F - an uncursed ring of ice
 I - an uncursed ring of positive energy
Wands
 K - a wand of enslavement (8/24)
Scrolls
 p - 4 scrolls of enchant weapon
 q - a scroll of random uselessness
 r - 7 scrolls of remove curse
 v - a scroll of fog
 y - 4 scrolls of teleportation
 D - 4 scrolls of blinking
 L - 4 scrolls of recharging
 M - 3 scrolls of magic mapping
 P - a scroll of holy word
 S - 3 scrolls of brand weapon {unknown}
 T - 2 scrolls of silence {unknown}
Potions
 c - 5 potions of might
 e - 2 potions of agility
 f - 5 potions of heal wounds {unknown}
 j - 3 potions of cure mutation {unknown}
 l - 8 potions of curing {unknown}
 n - 2 potions of resistance {unknown}
 u - 3 potions of flight {unknown}
 x - 5 potions of lignification {unknown}
 A - 3 potions of haste
 B - 2 potions of mutation {unknown}
 C - a potion of cancellation {unknown}
 G - 6 potions of degeneration {unknown}
 H - a potion of brilliance {unknown}
 J - 3 potions of berserk rage
 O - 2 potions of magic {unknown}
 U - a potion of ambrosia {unknown}
 X - 2 potions of beneficial mutation {unknown}
Miscellaneous
 V - a fan of gales
 Z - a phial of floods
Comestibles
 d - 8 bread rations
 k - 4 meat rations
 z - 3 beef jerkies
 E - 7 slices of pizza
 N - 14 fruits


   Skills:
 + Level 4.0 Fighting
 + Level 2.0 Armour
 + Level 7.8 Dodging
 + Level 2.8 Stealth
 + Level 10.1 Shields
 + Level 14.0 Unarmed Combat


You had 11 spell levels left.
You didn't know any spells.

Dungeon Overview and Level Annotations

Branches:
Dungeon (13/15)            Temple (1/1) D:7            Lair (0/6) D:10
    Orc (0/2) D:9
 Vaults: D:13-14

Altars:
Ashenzari
Cheibriados
Dithmenos
Elyvilon
Fedhas
Hepliaklqana
Kikubaaqudgha
Makhleb
Nemelex Xobeh
Qazlal
Ru
Sif Muna
Trog
Uskayaw
Vehumet
Xom
Zin
The Shining One
Lugonu

Annotations:
D:8 exclusion: ice statue


Innate Abilities, Weirdness & Mutations

You are too large for most types of armour.
You have claws for hands.
Your metabolism is lightning-fast.
You like to eat raw meat.
Your natural rate of healing is unusually fast.
You are covered in fur. (AC +1)
You have very tough skin. (AC +2)
You have very sharp teeth.
Your body often deteriorates upon taking damage.
You are robust. (+10% HP)
You are occasionally teleported next to monsters.
Your movements are slightly less encumbered by armour. (ER -2)


Message History

You scratch the fire giant.
The fire giant is lightly wounded.
You block the fire giant's attack.
You mangle the fire giant!!
The fire giant is moderately wounded.
The necromancer casts a spell.
The necromancer binds the souls of nearby monsters.
You mangle the fire giant!!
You bite the fire giant, but do no damage.
The fire giant is severely wounded.
The fire giant points at you and mumbles some strange words.
The fireball explodes!
The fireball engulfs you!
* * * LOW HITPOINT WARNING * * *
Your body deteriorates!
You feel weakened.
The fireball engulfs the fire giant.
The fire giant resists.
You mangle the fire giant!!
The fire giant is almost dead.
The fire giant gestures at you while chanting.
The fireball explodes!
The fireball engulfs you!
You die...

##### ####(..#### ?...(...?
....... ..... .p. #C# #@# ##
##)## #. #†..# #.
#####...##### #.
######...........###### #.
##.....................## #.
#..................≈....# ##.
##.......................###..
#....(....................###.


You could see a fire giant and a necromancer.

Vanquished Creatures
  Erolcha (D:9)
  2 centaur warriors
  A deep troll earth mage (D:12)
  The ghost of empire the Digger, a novice DgEE (D:8)
  5 hill giants
  A flayed ghost (D:12)
  An ugly thing (D:12)
  2 slime creatures (D:12)
  2 cyclopes
  2 centaur zombies (D:12)
  3 gargoyles
  2 komodo dragons
  4 trolls
  A merfolk (shapeshifter) (D:12)
  A two-headed ogre (D:10)
  3 hippogriffs
  2 dream sheep (D:8)
  2 hungry ghosts (D:11)
  2 wraiths
  3 wyverns
  The ghost of manyhoops the Chopper, an amateur HOFi of Xom (D:4)
  16 yaks
  3 vampire mosquitoes
  8 orc warriors
  4 sky beasts
  2 ice beasts (D:11)
  A black bear (D:13)
  A necrophage (D:7)
  6 ogres
  An eye of draining (D:12)
  6 centaurs
  A crocodile (D:12)
  3 big kobolds
  5 bullfrogs
  Blork the orc (D:4)
  3 wyvern skeletons
  3 scorpions
  11 killer bees
  11 wights
  3 electric eels (D:11)
  2 howler monkeys (D:7)
  7 crimson imps
  10 orc priests
  2 centaur skeletons (D:12)
  5 hounds
  2 bullfrog skeletons
  11 orc wizards
  6 iguanas
  Natasha (thrice) (D:4)
  6 worker ants
  A killer bee zombie (D:6)
  5 hound zombies
  A hound skeleton (D:4)
  15 mummies
  2 gnolls (D:6)
  13 adders
  A howler monkey skeleton (D:5)
  4 river rats
  A shadow imp (D:9)
  An ooze (D:3)
  An adder skeleton (D:5)
  3 worms
  A dart slug (D:2)
  6 leopard geckos
  58 orcs
  13 bats
  6 giant cockroaches
  3 goblins
  5 hobgoblins
  5 jackals
  17 kobolds
  2 quokkas (D:10)
  6 ball pythons
  6 frilled lizards
  2 gnoll skeletons (Ossuary)
  A goblin skeleton (Ossuary)
  A jackal skeleton (D:6)
  4 kobold skeletons (Ossuary)
  A leopard gecko skeleton (D:4)
  An orc skeleton (Ossuary)
  A quokka zombie (D:6)
  9 rats
  11 rat skeletons (Ossuary)
392 creatures vanquished.

Vanquished Creatures (others)
  5 centaurs
  An orc (D:12)
  A plant (D:10)
7 creatures vanquished.

Grand Total: 399 creatures vanquished

Notes
Turn   | Place    | Note
-------+----------+-------------------------------------------
     0 | D:1      | galech the Troll Fighter began the quest for the Orb.
     0 | D:1      | Reached XP level 1. HP: 22/22 MP: 0/0
   329 | D:1      | Reached XP level 2. HP: 29/29 MP: 1/1
   799 | D:2      | Reached XP level 3. HP: 16/36 MP: 2/2
   897 | D:2      | You fall through a shaft!
  1083 | D:2      | Found a deep blue altar of Sif Muna.
  1393 | D:2      | Found a bloodstained altar of Trog.
  1604 | D:3      | Reached XP level 4. HP: 35/44 MP: 3/3
  1723 | D:3      | Reached skill level 3 in Unarmed Combat
  1787 | D:3      | Found a snail-covered altar of Cheibriados.
  1912 | D:2      | Reached XP level 5. HP: 50/50 MP: 4/4
  2183 | D:4      | Noticed Blork the orc
  2216 | D:4      | Killed Blork the orc
  2216 | D:4      | Reached XP level 6. HP: 59/59 MP: 5/5
  2272 | D:4      | Noticed Natasha
  2272 | D:4      | Noticed manyhoops's ghost (amateur HOFi)
  2277 | D:4      | Killed Natasha
  2292 | D:4      | Killed manyhoops's ghost
  2292 | D:4      | Reached skill level 4 in Unarmed Combat
  2338 | D:4      | Reached XP level 7. HP: 66/66 MP: 6/6
  2370 | D:4      | Noticed Natasha
  2377 | D:4      | Killed Natasha
  2398 | D:4      | Noticed Natasha
  2407 | D:4      | Killed Natasha
  2517 | D:4      | Reached skill level 5 in Unarmed Combat
  2579 | D:4      | Found a burning altar of Makhleb.
  2761 | D:5      | Entered Level 5 of the Dungeon
  2784 | D:5      | Found a radiant altar of Vehumet.
  2945 | D:5      | Found a shattered altar of Ashenzari.
  3051 | D:5      | Found a shadowy altar of Dithmenos.
  3199 | D:5      | Reached skill level 6 in Unarmed Combat
  3307 | D:5      | Found a glowing silver altar of Zin.
  3368 | D:5      | Found a glowing golden altar of the Shining One.
  3670 | D:5      | Reached XP level 8. HP: 64/75 MP: 7/7
  4054 | D:6      | Reached skill level 1 in Stealth
  4054 | D:6      | Reached skill level 5 in Shields
  4306 | D:6      | Found a glowing drain.
  4338 | Sewer    | Entered a sewer
  4936 | D:6      | Reached skill level 7 in Unarmed Combat
  5016 | D:6      | Found a blossoming altar of Fedhas.
  5016 | D:6      | Found a shimmering altar of Xom.
  5036 | D:6      | Found a hazy altar of Hepliaklqana.
  5332 | D:7      | Reached skill level 8 in Unarmed Combat
  5332 | D:7      | Reached XP level 9. HP: 67/83 MP: 8/8
  5409 | D:7      | Found a sand-covered staircase.
  5419 | Ossuary  | Entered an ossuary
  5903 | D:7      | Found a staircase to the Ecumenical Temple.
  5912 | Temple   | Entered the Ecumenical Temple
  6166 | D:7      | Reached skill level 5 in Dodging
  6967 | D:8      | Reached skill level 9 in Unarmed Combat
  7028 | D:8      | Noticed empire's ghost (novice DgEE)
  7161 | D:8      | Killed empire's ghost
  7379 | D:8      | Reached XP level 10. HP: 88/91 MP: 9/9
  7603 | D:8      | Noticed an ice statue
  7674 | D:8      | Reached skill level 10 in Unarmed Combat
  7706 | D:8      | Noticed a two-headed hydra
  8066 | D:9      | Gained mutation: Your body sometimes deteriorates upon taking damage. [mutagenic meat]
  8067 | D:9      | Gained mutation: You are robust. (+10% HP) [mutagenic meat]
  8068 | D:9      | Gained mutation: You are occasionally teleported next to monsters. [mutagenic meat]
  8069 | D:9      | Gained mutation: You possess an exceptional clarity of mind. [mutagenic meat]
  8151 | D:9      | Noticed Erolcha
  8164 | D:9      | Killed Erolcha
  8226 | D:9      | Found a staircase to the Orcish Mines.
  8399 | D:10     | Entered Level 10 of the Dungeon
  8495 | D:10     | Reached skill level 11 in Unarmed Combat
  8619 | D:10     | Noticed a hill giant
  8632 | D:10     | Killed a hill giant
  8812 | D:10     | Found a staircase to the Lair.
  8836 | D:10     | Reached XP level 11. HP: 76/107 MP: 10/10
 10097 | D:11     | Reached skill level 12 in Unarmed Combat
 11133 | D:12     | Noticed a hill giant
 11400 | D:11     | Killed a hill giant
 11465 | D:12     | Noticed a white ugly thing
 11491 | D:12     | Killed a white ugly thing
 11626 | D:12     | Noticed a hill giant
 11646 | D:12     | Killed a hill giant
 11646 | D:12     | Reached skill level 13 in Unarmed Combat
 11781 | D:12     | Reached XP level 12. HP: 111/117 MP: 11/11
 12185 | D:13     | Noticed a centaur warrior
 12201 | D:13     | Killed a centaur warrior
 12290 | D:12     | Reached skill level 1 in Armour
 12353 | D:12     | Got a heavily runed scale mail
 12360 | D:12     | Noticed a deep troll earth mage
 12369 | D:12     | Killed a deep troll earth mage
 12578 | D:12     | Gained mutation: You have very sharp teeth. [mutagenic meat]
 12580 | D:12     | Lost mutation: You possess an exceptional clarity of mind. [mutagenic meat]
 12581 | D:12     | Gained mutation: Your movements are slightly less encumbered by armour. (ER -2) [mutagenic meat]
 12583 | D:12     | Gained mutation: Your body often deteriorates upon taking damage. [mutagenic meat]
 12596 | D:12     | Noticed a centaur warrior
 12603 | D:12     | Reached skill level 10 in Shields
 12605 | D:12     | Killed a centaur warrior
 12615 | D:12     | Reached skill level 14 in Unarmed Combat
 12616 | D:12     | Noticed a fire giant
 12626 | D:12     | Killed from afar by a fire giant

Skill      XL: |  1  2  3  4  5  6  7  8  9 10 11 12 |
---------------+-------------------------------------+-----
Shields        | 3 4 5 7 8 9 10 | 10.1
Dodging        | 3 4 5 6 7 |  7.8
Unarmed Combat | 3 4 6 8 9 11 13 14 | 14.0
Fighting       | 3 4 |  4.0
Stealth        | 1 2 |  2.8
Armour         | 2 |  2.0

Action                   |  1- 3 |  4- 6 |  7- 9 | 10-12 || total
-------------------------+-------+-------+-------+-------++-------
Melee: Unarmed           |   124 |   108 |   497 |   644 ||  1373
       Bite              |       |       |       |     5 ||     5
  Use: Scroll            |       |     1 |     9 |     7 ||    17
 Stab: Sleeping          |       |     1 |     7 |     3 ||    11
       Distracted        |       |       |       |     3 ||     3
  Eat: Chunk             |    16 |    11 |    46 |    69 ||   142
Armor: Robe              |    49 |    28 |    98 |    77 ||   252
       Troll leather arm |       |       |       |    50 ||    50
Dodge: Dodged            |    39 |    17 |   101 |   217 ||   374
Block: Shield            |    77 |    77 |   326 |   501 ||   981
       Reflection        |     4 |     2 |     6 |    59 ||    71
